 Dungeon Crawl Stone Soup version 0.30.0-29-ga12c61a403 (webtiles) character file.

Game seed: 621663166416319349

46 monsoonserge the Digger (level 3, -1/19 HPs)
             Began as a Gargoyle Earth Elementalist on June 17, 2023.
             Slain by Terence
             ... wielding a +2 flail of protection
              (15 damage)
             ... on level 2 of the Dungeon.
             The game lasted 00:04:52 (1913 turns).

monsoonserge the Digger (GrEE)                      Turns: 1913, Time: 00:04:53

Health: -1/19      AC:  6    Str: 11    XL:     3   Next: 66%
Magic:  1/6        EV: 12    Int: 17    God:
Gold:   67         SH:  0    Dex: 10    Spells: 2/6 levels left

rFire   . . .        h - +0 spear
rCold   . . .        (no shield)
rNeg    + . .        a - +0 robe
rPois   ∞            e - +0 helmet
rElec   +            (no cloak)
rCorr   .            (no gloves)
SInv    .            (no boots)
Will    .....        (no amulet)
Stlth   ++           (no ring)
HPRegen 0.23/turn    (no ring)
MPRegen 0.10/turn

%: no passive effects
@: very slightly contaminated
A: sickness immunity, AC +3, negative energy resistance 1, electricity
resistance, torment resistance 1, petrification resistance
a: no special abilities


You were on level 2 of the Dungeon.
You visited 1 branch of the dungeon, and saw 2 of its levels.

You collected 67 gold pieces.

Inventory:

Hand Weapons
 h - a +0 spear (weapon)
Armour
 a - a +0 robe (worn)
 e - a +0 helmet (worn)
Scrolls
 c - 2 scrolls of enchant armour {unknown}
 d - 4 scrolls of identify {unknown}
 f - a scroll of brand weapon {unknown}
 g - a scroll of enchant weapon {unknown}
Potions
 b - a potion of magic
 i - 2 potions of degeneration {unknown}
 j - a potion of ambrosia {unknown}
 k - a potion of attraction {unknown}


   Skills:
 + Level 2.0 Dodging
 + Level 2.3 Stealth
 + Level 2.1 Spellcasting
 - Level 0.7 Transmutations
 * Level 4.9 Earth Magic


You had 2 spell levels left.
You knew the following spells:

 Your Spells              Type           Power      Damage    Failure   Level
a - Sandblast             Erth           36%        2d10      2%          1
b - Stone Arrow           Conj/Erth      20%        3d8       21%         3

Your spell library contained the following spells:

 Spells                   Type           Power      Damage    Failure   Level
 Passwall                 Tmut/Erth      9%         N/A       9%          2
 Vhi's Electric Charge    Tloc/Air       2%         N/A       50%         3
 Petrify                  Tmut/Erth      11%        N/A       52%         4
 Summon Ice Beast         Ice/Summ       1%         N/A       88%         4
 Arcjolt                  Conj/Air       0%         1d10      99%         5
 Summon Mana Viper        Hex/Summ       1%         N/A       99%         5
 Monstrous Menagerie      Summ           0%         N/A       100%        7
 Maxwell's Capacitive Co  Air            0%         ∞         100%        8


Dungeon Overview and Level Annotations

Branches:
Dungeon (2/15)

Altars:

Annotations:
D:2 Terence


Innate Abilities, Weirdness & Mutations

You are immune to sickness and miasma.
Your stone body is resilient. (AC +3)
You are immune to poison.
You resist negative energy. (rN+)
You are resistant to electric shocks. (rElec)
You are resistant to unholy torment.
You are immune to petrification.


Message History

Aim: Terence, wielding a +2 flail of protection and wearing a +0 chain mail (87% to hit)
The blast of sand hits Terence but does no damage.
Casting: Sandblast (safe; 2% risk of failure)
Confirm with . or Enter, or press ? or * to list all spells.
Aiming: Sandblast (safe; 2% risk of failure)
Press: ? - help, Shift-Dir - straight line, f/p - Terence
Aim: Terence, wielding a +2 flail of protection and wearing a +0 chain mail (87% to hit)
The blast of sand misses Terence.
Terence hits you with a +2 flail of protection.
Unknown command.
Casting: Sandblast (safe; 2% risk of failure)
Confirm with . or Enter, or press ? or * to list all spells.
Aiming: Sandblast (safe; 2% risk of failure)
Press: ? - help, Shift-Dir - straight line, f/p - Terence
Aim: Terence, wielding a +2 flail of protection and wearing a +0 chain mail (87% to hit)
The blast of sand hits Terence but does no damage.
Terence hits you but does no damage.
Unknown command.
Casting: Sandblast (safe; 2% risk of failure)
Confirm with . or Enter, or press ? or * to list all spells.
Aiming: Sandblast (safe; 2% risk of failure)
Press: ? - help, Shift-Dir - straight line, f/p - Terence
Aim: Terence, wielding a +2 flail of protection and wearing a +0 chain mail (87% to hit)
You miscast Sandblast.
You are very lightly contaminated with residual magic.
Nothing appears to happen.
Terence hits you with a +2 flail of protection.
Casting: Sandblast (safe; 2% risk of failure)
Confirm with . or Enter, or press ? or * to list all spells.
Okay, then.
Casting: Sandblast (safe; 2% risk of failure)
Confirm with . or Enter, or press ? or * to list all spells.
Aiming: Sandblast (safe; 2% risk of failure)
Press: ? - help, Shift-Dir - straight line, f/p - Terence
Aim: Terence, wielding a +2 flail of protection and wearing a +0 chain mail (87% to hit)
The blast of sand hits Terence but does no damage.
Terence drinks a potion.
Terence seems to grow stronger.
Terence hits you with a +2 flail of protection!
Ouch! That really hurt!
You die...

#.# ####. #.# ..#.#
#.# #.... #.#
####.... #.#
........###### #.#
#............####.#
#......#......†...#
#.....@@.#...######
#....#)#...### #.#
#.##### #. #. #. #.
..


You could see Terence (strong).

Vanquished Creatures
  A dart slug (D:2)
  6 endoplasms
  2 giant cockroaches
  A goblin (D:1)
  3 hobgoblins
  4 jackals (D:1)
  A quokka (D:1)
  4 ball pythons (D:1)
  6 bats
  A frilled lizard (D:2)
  5 kobolds
  4 rats
38 creatures vanquished.

Notes
Turn   | Place    | Note
-------+----------+-------------------------------------------
     0 | D:1      | monsoonserge the Gargoyle Earth Elementalist began the
                  | quest for the Orb.
     0 | D:1      | Reached XP level 1. HP: 10/10 MP: 3/3
   156 | D:1      | Reached skill level 4 in Earth Magic
   156 | D:1      | Reached XP level 2. HP: 14/15 MP: 1/5
   690 | D:1      | Reached XP level 3. HP: 9/19 MP: 3/6
   771 | D:1      | Learned a level 3 spell: Stone Arrow
  1905 | D:2      | Noticed Terence
  1913 | D:2      | Slain by Terence

Illustrated notes

Levels and vault maps discovered:
D:1:      dpeg_arrival_snail, layout_loops_corners, serial_co_window_serial,
          co_window_paths_b, co_window_paths_a, co_window_corner_a,
          co_window_cross_1, co_window_paths_a, co_window_of_opportunity_b,
          co_window_paths_c, co_window_corner_cb, co_window_corner_b,
          co_window_broadway_b, co_window_paths_e, co_window_4corner_b,
          glass_columns_b, glass_columns_c, minmay_quantized
D:2:      layout_loops_corners, shapermc_ecumenical_altar_mp_highgroup,
          uniq_terence

Skill      XL: |  1  2 |
---------------+-------+-----
Earth Magic    | 4 |  4.9
Dodging        | 2 |  2.0
Stealth        | |  2.3
Spellcasting   | |  2.1
Transmutations | |  0.7

Action                     || total
---------------------------++-------
  Melee: Club              ||    15
         Unarmed           ||     1
         Whip              ||     5
         Spear             ||     5
   Cast: Sandblast         ||    50
   Stab: Sleeping          ||     1
 Armour: Robe              ||    21
  Dodge: Dodged            ||    30
